 Dungeon Crawl Stone Soup version 0.31-a0-771-g505c3d19dc (webtiles) character file.

Game seed: 17884552468879256160

215976 dialectric the Impregnable (level 18, -3/163 HPs)
             Began as a Minotaur Fighter on Sept 16, 2023.
             Was the Champion of the Shining One.
             Killed by divine providence
             ... invoked by a smoke demon
              (16 damage)
             ... on level 3 of the Abyss on Sept 17, 2023.
             The game lasted 01:06:37 (31165 turns).

dialectric the Impregnable (Minotaur Fighter)      Turns: 31165, Time: 01:06:38

Health: -3/163     AC: 33    Str: 23    XL:     18   Next: 72%
Magic:  4/20       EV: 14    Int:  7    God:    the Shining One [******]
Gold:   1932       SH:  0    Dex: 10    Spells: 16/19 levels left

rFire   x . .        d - +8 trishula (holy)
rCold   . . .        Y - +5 kite shield {reflect}
rNeg    + + +        L - +9 plate armour {ponderous}
rPois   .            c - +3 crown of Dyrovepreva {rElec Int+2 SInv}
rElec   +            K - +0 cloak
rCorr   .            X - +2 pair of gloves
SInv    +            (no boots)
Will    +....        J - amulet of reflection Stlth
                     v - ring of flight
HPRegen 0.47/turn    S - +5 ring of evasion
MPRegen 0.17/turn

%: reflection, clarity
@: confused, about to teleport, ambrosia-drunk, flying, glowing, slow
A: horns 2, retaliatory headbutt, clarity, dopey 1, [berserk 2], [clumsy 2],
[deformed body], [frail 1], [low MP 1], [screaming 2], [heat vulnerability 1],
[inability to read after injury 1]
a: Renounce Religion, Divine Shield, Cleansing Flame, Summon Divine Warrior


You were on level 3 of the Abyss.
You worshipped the Shining One.
The Shining One was exalted by your worship.
You visited 7 branches of the dungeon, and saw 30 of its levels.
You visited the Abyss 1 time.
You also visited: Desolation.

You collected 3078 gold pieces.
You spent 1146 gold pieces at shops.

Inventory:

Hand Weapons
 d - a +8 trishula of holy wrath (weapon)
 g - a +3 short sword of flaming
 r - the +8 trident "Ogreslayer" {antimagic, rPois rCorr}
   (You found it on level 2 of the Dungeon)

   rPois:     It protects you from poison rCorr: It protects you from acid and
   corrosion.
 A - the +9 orcbow "Newt's Undoing" {speed, rN+ Int+4}
   (You found it in the Desolation of Salt)

   Int+4:     It affects your intelligence (+4).
   rN+:       It protects you from negative energy.
Missiles
 y - 5 curare-tipped darts
 M - 6 throwing nets
Armour
 c - the +3 crown of Dyrovepreva (worn) {rElec Int+2 SInv}
   (You acquired it on level 1 of the Elven Halls)

   Int+2:     It affects your intelligence (+2).
   rElec:     It insulates you from electricity.
   SInv:      It lets you see invisible.
 K - a +0 cloak (worn)
 L - a +9 plate armour of ponderousness (worn)
 X - a +2 pair of gloves (worn)
 Y - a +5 kite shield of reflection (worn)
 Z - a +1 plate armour of positive energy
Jewellery
 v - a ring of flight (left hand)
 w - an amulet of guardian spirit
 x - a +6 ring of intelligence
 B - an amulet of magic regeneration
 J - an amulet of reflection (around neck)
 R - the ring of the Little Devil {Drain rElec rCorr Dex+6 Slay+3}
   (You took it off a deep elf master archer on level 3 of the Elven Halls)

   [ring of resist corrosion]

   Dex+6:     It affects your dexterity (+6).
   Slay+3:    It affects your accuracy & damage with ranged weapons and melee
   (+3).
   rElec:     It insulates you from electricity.
   rCorr:     It protects you from acid and corrosion.
   Drain:     It drains your maximum health when unequipped.
 S - a +5 ring of evasion (right hand)
 U - an amulet of regeneration
Talismans
 o - a serpent talisman
 p - a beast talisman
 P - a blade talisman
Wands
 a - a wand of polymorph (5)
 b - a wand of flame (47)
 i - a wand of roots (13)
 G - a wand of light (8)
 H - a wand of charming (5)
 W - a wand of mindburst (11)
Scrolls
 f - a scroll of blinking
 h - 5 scrolls of teleportation
 j - 3 scrolls of revelation
 k - a scroll of fog
 s - 5 scrolls of vulnerability
 u - 9 scrolls of immolation
 C - 6 scrolls of poison
 I - 2 scrolls of brand weapon
 N - 4 scrolls of enchant armour
 T - a scroll of fear
 V - 7 scrolls of identify
Potions
 e - 4 potions of brilliance
 l - 4 potions of attraction
 m - 2 potions of mutation
 q - 4 potions of lignification
 t - a potion of haste
 z - 4 potions of enlightenment
 D - 3 potions of magic
 E - 9 potions of curing
 F - 6 potions of cancellation
 O - a potion of ambrosia
 Q - 2 potions of invisibility
Miscellaneous
 n - a phial of floods


   Skills:
 + Level 21.2 Fighting
 + Level 1.8 Short Blades
 - Level 2.5 Maces & Flails
 - Level 16.0 Polearms
 + Level 22.4 Armour
 + Level 3.5 Dodging
 - Level 0.1 Stealth
 + Level 17.2 Shields
 + Level 1.0 Spellcasting
 + Level 1.0 Air Magic
 * Level 7.3 Invocations
 - Level 4.0 Evocations


You had 16 spell levels left.
You knew the following spells:

 Your Spells              Type           Power      Damage    Failure   Level
a - Swiftness             Air            1%         N/A       99%         3

Your spell library contained the following spells:

 Spells                   Type           Power      Damage    Failure   Level
 Shock                    Conj/Air       4%         1d3       94%         1
 Magic Dart               Conj           0%         1d3       96%         1
 Call Imp                 Summ           0%         N/A       99%         2
 Momentum Strike          Conj/Tloc      0%         3d8       99%         2
 Searing Ray              Conj           0%         2d4       99%         2
 Mephitic Cloud           Conj/Pois/Air  0%         N/A       100%        3
 Summon Guardian Golem    Hex/Summ       0%         N/A       100%        3
 Tukima's Dance           Hex            0%         N/A       100%        3
 Airstrike                Air            0%         2d(1-17)  100%        4
 Animate Armour           Summ/Erth      0%         N/A       100%        4
 Passage of Golubria      Tloc           0%         N/A       100%        4
 Summon Lightning Spire   Summ/Air       1%         N/A       100%        4
 Iskenderun's Battlesphe  Conj           0%         2d6       100%        5
 Lee's Rapid Deconstruct  Erth           0%         3d4*      100%        5
 Silence                  Hex/Air        0%         N/A       100%        5
 Yara's Violent Unravell  Hex/Tmut       0%         3d3       100%        5
 Conjure Ball Lightning   Conj/Air       0%         3x3d6     100%        6
 Leda's Unmaking          Conj/Erth      0%         9d1       100%        6
 Orb of Destruction       Conj           0%         9d5       100%        7
 Spellforged Servitor     Conj/Summ      0%         N/A       100%        7
 Lehudib's Crystal Spear  Conj/Erth      0%         10d2      100%        8


Dungeon Overview and Level Annotations

Branches:
Dungeon (15/15)            Temple (1/1) D:5            Lair (5/5) D:8
 Shoals (3/4) Lair:2        Snake (0/4) Lair:2        Slime (1/5) Lair:5
    Orc (2/2) D:11            Elf (3/3) Orc:2        Vaults (0/5) D:14
Desolation (visited)
 Depths: D:15

Altars:
Ashenzari
Cheibriados
Dithmenos
Elyvilon
Fedhas
Gozag
Hepliaklqana
Kikubaaqudgha
Makhleb
Nemelex Xobeh
Okawaru
Qazlal
Ru
Sif Muna
Trog
Uskayaw
Vehumet
Wu Jian
Xom
Yredelemnul
Zin
The Shining One

Shops:
D:2 :   D:5 [   D:6 =   Orc:2 !*[(!   Elf:1 *:!*   Elf:2 (   Elf:3 *

Annotations:
Lair:5 exclusion: oklob plant
Shoals:1 Roxanne
Orc:1 1 runed translucent door, Nanoj's ghost, journeyman TrMo


Innate Abilities, Weirdness & Mutations

You have a pair of horns on your head.
You reflexively headbutt those who attack you in melee.
You possess an exceptional clarity of mind.
You are dopey. (Int -2)
[You have an uncontrollable temper.]
[You are very clumsy. (Dex -4)]
[Armour fits poorly on your strangely shaped body.]
[You are frail. (-10% HP)]
[Your magical capacity is low. (-10% MP)]
[You frequently scream uncontrollably at your foes.]
[You are vulnerable to heat. (rF-)]
[You occasionally lose the ability to read scrolls when taking damage.]


Message History

The smoke demon gestures at you. Something smites you!
* * * LOW HITPOINT WARNING * * *
You impale the Hell Sentinel!!
The Hell Sentinel convulses.
The Hell Sentinel is heavily wounded.
The spatial maelstrom hits you but does no damage.
You block the spatial maelstrom's attack. x2
The spatial maelstrom barely misses you.
The small abomination hits you.
* * * LOW HITPOINT WARNING * * *
Unknown command.
Found 37 gold pieces.
The spatial maelstrom attacks as it pursues you!
The spatial maelstrom barely misses you.
You furiously retaliate!
You headbutt the spatial maelstrom, but do no damage.
The spatial maelstrom hits you but does no damage.
The spatial maelstrom attacks as it pursues you!
You block the spatial maelstrom's attack. x2
You block the spatial vortex's attack.
The spatial maelstrom hits you but does no damage.
The spatial maelstrom hits you.
* * * LOW HITPOINT WARNING * * *
Space warps around you.
* * * LOW HITPOINT WARNING * * *
The spatial maelstrom barely misses you.
You furiously retaliate!
You headbutt the spatial maelstrom.
You block the spatial maelstrom's attack.
Unknown command.
You are confused.
You feel invigorated.
The spatial vortex hits you but does no damage.
The spatial maelstrom hits you but does no damage.
The spatial maelstrom misses you.
The Hell Sentinel hits you but does no damage.
The Hell Sentinel misses you.
The chaos spawn hits you but does no damage.
The smoke demon gestures at you. Something smites you!
You die...

#### (.. # #
##v# # #
#.##.##.##.##
#8..v..... ..
##.##.## ##.
##.x.v#
#.v1..#$.v,
#.@2vv..v.#
#4v#vvv##..
... ..X3..≈##
# #.##.##$#
## #.# .≈[
.## #


You could see a Hell Sentinel, a lorocyproca (invisible), 2 spatial maelstroms,
10 spatial vortices, a thrashing horror, a smoke demon, a chaos spawn and a
small abomination.

Vanquished Creatures
  A bone dragon (Abyss:3)
  Jorgrun (Shoals:1)
  A lich (Abyss:3)
  A deep elf master archer (Elf:3)
  3 deep elf blademasters
  A tentacled starspawn (Abyss:3)
  Kirke (Lair:5)
  Aizul (Elf:1)
  Ilsuiw (Shoals:1)
  Donald (Orc:2)
  3 deep elf sorcerers
  4 deep elf elementalists
  An orc warlord (Elf:2)
  2 deep elf demonologists (Elf:3)
  Azrael (Elf:1)
  4 deep elf annihilators
  5 deep elf death magi
  4 merfolk impalers
  A merfolk javelineer (Shoals:2)
  3 servants of whispers
  2 deep elf high priests (Elf:3)
  Erolcha (D:9)
  5 hydras
  2 ragged hierophants (Desolation)
  Harold (D:11)
  3 catoblepae (Lair:5)
  A merfolk avatar (Shoals:1)
  A peacekeeper (Desolation)
  A vault guard (D:14)
  An alligator snapping turtle (Shoals:2)
  4 boulder beetles
  5 merfolk aquamancers (Shoals:2)
  16 death yaks
  4 two-headed ogres
  28 dancing weapons
  2 hell hogs (Abyss:3)
  3 orc high priests
  3 large abominations (Abyss:3)
  The ghost of Xavori the Covert, a novice OpCK of Xom (D:8)
  4 skysharks
  A wretched star (Abyss:3)
  A shadow wraith (Abyss:3)
  12 deep elf knights
  Lodul (D:12)
  A sea snake (Shoals:2)
  11 deep elf archers
  A glowing orange brain (D:14)
  An ironbound convoker (Desolation)
  8 orc knights
  26 deep elf zephyrmancers
  9 harpies (Shoals:2)
  29 deep elf pyromancers
  3 orc sorcerers
  8 ugly things
  11 fauns
  5 cyclopes
  A salamander (Lair:2)
  11 manticores
  11 elephants
  A water nymph (shapeshifter) (D:15)
  8 merfolk sirens
  2 starcursed masses (Abyss:3)
  A black mamba (shapeshifter) (Elf:3)
  6 black mambas
  2 guardian serpents (Desolation)
  A water nymph (Shoals:3)
  11 cane toads
  A torpor snail (Lair:2)
  Maggie (D:10)
  11 komodo dragons
  A freezing wraith (Abyss:3)
  5 rime drakes
  An unseen horror (D:12)
  16 merfolk
  3 wind drakes
  5 polar bears
  4 meliai
  5 trolls
  4 hornets
  Grinder (D:4)
  20 dream sheep
  19 saltlings
  25 blink frogs
  5 slime creatures (D:12)
  2 snapping turtles
  A shadow (D:11)
  3 air elementals
  A wraith (D:10)
  3 hogs
  37 yaks
  5 water elementals
  3 wyverns
  5 fire elementals
  2 basilisks
  An unseen horror simulacrum (D:8)
  14 vampire mosquitoes
  A warg (Orc:1)
  2 steam dragons (D:10)
  15 two-headed ogre zombies (D:9)
  2 nagas (Lair:2)
  An acid dragon (D:12)
  4 hell hounds (Elf:1)
  18 water moccasins
  A black bear (Lair:2)
  41 orc warriors
  2 ice beasts
  3 sky beasts (D:7)
  13 wolves
  9 ogres
  16 centaurs
  A phantom (D:6)
  2 kobold brigands
  13 bullfrogs
  2 gnoll sergeants
  2 earth elementals
  11 jellies
  4 scorpions
  13 wights
  7 killer bees
  5 howler monkeys
  15 electric eels
  7 hounds
  A centaur skeleton (D:8)
  A sleepcap (D:8)
  11 orc priests
  15 orc wizards
  4 hell rats (Lair:5)
  A howler monkey zombie (D:8)
  20 gnolls
  7 adders
  2 shadow imps
  3 white imps
  An ufetubus (D:6)
  2 worms
  4 dart slugs
  57 orcs
  8 endoplasms
  6 giant cockroaches
  10 hobgoblins
  9 jackals
  17 kobolds
  3 quokkas
  7 ball pythons
  3 bats
  5 frilled lizards
  22 goblins
  6 rats
950 creatures vanquished.

Vanquished Creatures (collateral kills)
  A deep elf master archer (Elf:3)
1 creature vanquished.

Vanquished Creatures (others)
  A deep elf knight (Elf:1)
  3 deep elf pyromancers
  A water elemental (Elf:1)
  2 humans (Lair:5)
  5 starspawn tentacles (Abyss:3)
12 creatures vanquished.

Grand Total: 963 creatures vanquished

Notes
Turn   | Place    | Note
-------+----------+-------------------------------------------
     0 | D:1      | dialectric the Minotaur Fighter began the quest for the
                  | Orb.
     0 | D:1      | Reached XP level 1. HP: 19/19 MP: 0/0
   108 | D:1      | Reached XP level 2. HP: 27/27 MP: 1/1
   195 | D:1      | Reached skill level 4 in Armour
   446 | D:1      | Reached skill level 1 in Dodging
   466 | D:1      | Reached skill level 1 in Short Blades
   533 | D:1      | Reached XP level 3. HP: 33/33 MP: 2/2
   974 | D:2      | Reached XP level 4. HP: 25/40 MP: 3/3
  1108 | D:2      | Identified the +8 trident "Ogreslayer" {antimagic, rPois
                  | rCorr}
  1117 | D:2      | Found Fiusuq's Book Emporium.
  1522 | D:3      | Reached skill level 1 in Polearms
  1522 | D:3      | Reached skill level 5 in Armour
  1547 | D:3      | Reached XP level 5. HP: 25/46 MP: 1/4
  1852 | D:3      | Found a basalt altar of Yredelemnul.
  1855 | D:3      | Found a glowing silver altar of Zin.
  1859 | D:3      | Found a sparkling altar of Nemelex Xobeh.
  2495 | D:4      | Reached skill level 6 in Armour
  2495 | D:4      | Reached XP level 6. HP: 51/52 MP: 1/5
  2663 | D:4      | Noticed Grinder
  2678 | D:4      | Killed Grinder
  2679 | D:4      | Reached skill level 5 in Polearms
  2679 | D:4      | Reached skill level 7 in Armour
  2679 | D:4      | Reached XP level 7. HP: 47/59 MP: 2/6
  2679 | D:4      | Found a broken altar of Ashenzari.
  3150 | D:5      | Entered Level 5 of the Dungeon
  3150 | D:5      | Found Numyciem's Antique Armour Boutique.
  3308 | D:5      | Found a staircase to the Ecumenical Temple.
  3320 | Temple   | Entered the Ecumenical Temple
  3369 | Temple   | Became a worshipper of the Shining One
  3663 | D:5      | Reached skill level 8 in Armour
  3701 | D:5      | Reached XP level 8. HP: 65/66 MP: 2/7
  4199 | D:6      | Identified the +1 robe of the Morning Star {rC++ Will+ MP-9
                  | Stlth+}
  4238 | D:6      | Found Peaxt's Jewellery Shoppe.
  4249 | D:6      | Reached skill level 9 in Armour
  4298 | D:6      | Reached * piety under the Shining One
  4497 | D:6      | Reached skill level 5 in Fighting
  4497 | D:6      | Reached XP level 9. HP: 68/72 MP: 2/8
  4534 | D:6      | Reached skill level 10 in Polearms
  4918 | D:7      | Reached skill level 10 in Armour
  5529 | D:8      | Found a runed translucent gate.
  5530 | D:8      | Found a runed translucent gate.
  5531 | D:8      | Found a runed translucent gate.
  5533 | D:8      | Noticed Xavori's ghost (novice OpCK)
  5533 | D:8      | Reached ** piety under the Shining One
  5749 | D:8      | Reached skill level 11 in Armour
  5792 | D:8      | Noticed a +0 short sword
  5793 | D:8      | Noticed a +0 falchion
  5793 | D:8      | Noticed a +0 short sword
  5945 | D:8      | Noticed a two-headed ogre
  5953 | D:8      | Killed a two-headed ogre
  5954 | D:8      | Reached XP level 10. HP: 52/86 MP: 3/9
  6203 | D:8      | Found a staircase to the Lair.
  6242 | D:8      | Noticed a +0 falchion
  6244 | D:8      | Noticed a +0 dagger
  6244 | D:8      | Noticed a +0 spear
  6244 | D:8      | Noticed a +0 spear
  6245 | D:8      | Noticed a +0 dagger
  6258 | D:8      | Found a hide-covered altar of Uskayaw.
  6345 | Lair:1   | Entered Level 1 of the Lair of Beasts
  6355 | Lair:1   | Noticed a cane toad
  6496 | D:8      | Reached *** piety under the Shining One
  6572 | D:8      | Killed a cane toad
  6573 | D:8      | Reached skill level 12 in Armour
  6944 | D:9      | Reached **** piety under the Shining One
  6945 | D:9      | Noticed Erolcha
  7071 | Lair:1   | Reached XP level 11. HP: 73/97 MP: 3/10
  7272 | Lair:1   | Reached skill level 10 in Fighting
  7653 | Lair:1   | Reached skill level 13 in Armour
  7965 | Lair:2   | You are sucked into a shaft and drop 1 floor!
  8252 | Lair:3   | Noticed a five-headed hydra
  8260 | Lair:3   | Killed a five-headed hydra
  8261 | Lair:3   | Reached XP level 12. HP: 87/112 MP: 3/11
  8273 | Lair:3   | Reached skill level 14 in Armour
  8427 | Lair:3   | Reached skill level 5 in Shields
  9237 | Lair:2   | Found a staircase to the Shoals.
  9245 | Lair:2   | Reached skill level 15 in Armour
  9286 | Lair:2   | Found a staircase to the Snake Pit.
  9487 | Lair:2   | Noticed a four-headed hydra
  9504 | Lair:2   | Killed a four-headed hydra
  9578 | Lair:2   | Reached skill level 16 in Armour
  9931 | Lair:2   | Reached ***** piety under the Shining One
 10594 | Lair:4   | Reached XP level 13. HP: 92/125 MP: 4/12
 11039 | Lair:4   | Reached skill level 15 in Fighting
 11446 | Lair:5   | Entered Level 5 of the Lair of Beasts
 11446 | Lair:5   | Noticed Kirke
 12005 | D:9      | Learned a level 3 spell: Swiftness
 12174 | D:9      | Killed Erolcha
 12180 | D:9      | Identified the +1 leather armour of Marbles {rF+}
 12251 | D:10     | Entered Level 10 of the Dungeon
 12385 | D:10     | Noticed Maggie
 12399 | D:10     | Killed Maggie
 12567 | D:10     | Reached skill level 17 in Armour
 13359 | D:11     | Noticed Harold
 13374 | D:11     | Killed Harold
 13491 | D:11     | Found Vocs's Armour Shop.
 13492 | D:11     | Found a staircase to the Orcish Mines.
 13493 | D:11     | Found Xekkip's Weapon Shop.
 14279 | D:12     | Reached skill level 1 in Evocations
 14356 | D:12     | Noticed Lodul
 14367 | D:12     | Killed Lodul
 14526 | D:12     | Reached ****** piety under the Shining One
 14546 | D:12     | Reached XP level 14. HP: 138/138 MP: 4/13
 15474 | Lair:5   | Reached skill level 18 in Armour
 15743 | Lair:5   | Reached skill level 1 in Invocations
 15911 | Lair:5   | Found a staircase to the Slime Pits.
 15934 | Slime:1  | Entered Level 1 of the Pits of Slime
 15934 | Slime:1  | Noticed an azure jelly
 16251 | Lair:5   | Killed Kirke
 16252 | Lair:5   | Reached skill level 15 in Polearms
 16960 | D:8      | Killed Xavori's ghost
 17127 | Orc:1    | Entered Level 1 of the Orcish Mines
 17250 | Orc:1    | Found a runed translucent door.
 17419 | Orc:1    | Noticed an orc warlord
 17419 | Orc:1    | Noticed Nanoj's ghost (journeyman TrMo)
 17477 | Orc:2    | Entered Level 2 of the Orcish Mines
 17477 | Orc:2    | Found a staircase to the Elven Halls.
 17509 | Elf:1    | Entered Level 1 of the Elven Halls
 17598 | Elf:1    | Found Kellafre's General Store.
 17626 | Elf:1    | Bought a +0 orcbow for 52 gold pieces
 17626 | Elf:1    | Bought a scroll of teleportation for 45 gold pieces
 17626 | Elf:1    | Bought a scroll of enchant armour for 112 gold pieces
 18084 | Orc:2    | Reached skill level 19 in Armour
 18181 | Orc:2    | Found Ocewuico's Antique Armour Shoppe.
 18181 | Orc:2    | Found Ebyxzee's Antique Weapon Boutique.
 18181 | Orc:2    | Found Huiruubatt's Distillery.
 18184 | Orc:2    | Found Kextoe Yxai's Assorted Antiques.
 18191 | Orc:2    | Bought a potion of heal wounds for 70 gold pieces
 18191 | Orc:2    | Bought a potion of heal wounds for 70 gold pieces
 18191 | Orc:2    | Bought a potion of curing for 42 gold pieces
 18191 | Orc:2    | Bought a potion of curing for 42 gold pieces
 18196 | Orc:2    | Bought a cyan potion for 18 gold pieces
 18196 | Orc:2    | Bought a potion of might for 84 gold pieces
 18244 | Orc:2    | Noticed Donald
 18302 | Orc:2    | Killed Donald
 18650 | Orc:2    | Found Wael's Distillery.
 18658 | Orc:2    | Bought a potion of heal wounds for 70 gold pieces
 18716 | Orc:2    | Reached skill level 1 in Spellcasting
 18716 | Orc:2    | Reached skill level 1 in Air Magic
 18716 | Orc:2    | Reached XP level 15. HP: 149/149 MP: 5/17
 18853 | Orc:2    | Bought a potion of mutation for 112 gold pieces
 18853 | Orc:2    | Gained mutation: [You are frail. (-10% HP)] [potion of
                  | mutation]
 18853 | Orc:2    | Gained mutation: You are weak. (Str -2) [potion of
                  | mutation]
 18853 | Orc:2    | Gained mutation: You are partially covered in large bone
                  | plates. (SH +4) [potion of mutation]
 18855 | Orc:2    | Lost mutation: You are partially covered in large bone
                  | plates. (SH +4) [potion of mutation]
 18855 | Orc:2    | Lost mutation: [You are frail. (-10% HP)] [potion of
                  | mutation]
 18855 | Orc:2    | Gained mutation: [You are clumsy. (Dex -2)] [potion of
                  | mutation]
 18857 | Orc:2    | Lost mutation: [You are clumsy. (Dex -2)] [potion of
                  | mutation]
 18857 | Orc:2    | Lost mutation: You are weak. (Str -2) [potion of mutation]
 18857 | Orc:2    | Gained mutation: You possess an exceptional clarity of
                  | mind. [potion of mutation]
 18857 | Orc:2    | Gained mutation: You are dopey. (Int -2) [potion of
                  | mutation]
 19044 | Elf:1    | Reached XP level 16. HP: 119/158 MP: 6/18
 19052 | Elf:1    | Found Cuare's Distillery.
 19055 | Elf:1    | Noticed Aizul
 19063 | Elf:1    | Paralysed by an air elemental for 1 turns
 19071 | Elf:1    | Paralysed by an air elemental for 1 turns
 19077 | Elf:1    | HP: 7/158 [+7 heavy halberd (11)]
 19079 | Elf:1    | HP: 3/158 [+7 heavy halberd (19)]
 19080 | Elf:1    | Killed Aizul
 19417 | Elf:1    | Bought a potion of haste for 140 gold pieces
 19417 | Elf:1    | Bought a potion of might for 56 gold pieces
 20086 | Lair:5   | Reached skill level 5 in Invocations
 20810 | Shoals:1 | Entered Level 1 of the Shoals
 20810 | Shoals:1 | Noticed Jorgrun
 20825 | Shoals:1 | Killed Jorgrun
 20826 | Shoals:1 | Reached skill level 20 in Armour
 21363 | Shoals:1 | Noticed Roxanne
 21757 | Shoals:2 | Noticed Ilsuiw
 21834 | Shoals:2 | HP: 5/160 [drowned by a water elemental[Ilsuiw] (4)]
 21834 | Shoals:2 | The Shining One protects you from harm!
 21974 | Shoals:2 | HP: 5/160 [merfolk/+0 trident (7)]
 21983 | Shoals:2 | Reached skill level 10 in Shields
 22707 | Shoals:1 | Killed Ilsuiw
 22708 | Shoals:1 | Reached skill level 21 in Armour
 22921 | Shoals:2 | HP: 7/160 [skyshark (8)]
 22922 | Shoals:2 | HP: 2/160 [skyshark (5)]
 22925 | Shoals:2 | The Shining One protects you from harm!
 23044 | Shoals:2 | HP: 3/160 [harpy (8)]
 23052 | Shoals:2 | HP: 8/160 [harpy (4)]
 23055 | Shoals:2 | HP: 3/160 [harpy (6)]
 23061 | Shoals:2 | HP: 1/160 [harpy (4)]
 23067 | Shoals:2 | The Shining One protects you from harm!
 23593 | Shoals:2 | Identified a +2 trishula of holy wrath (a +0 demon trident
                  | of draining blessed by the Shining One)
 23593 | Shoals:2 | Received a gift from the Shining One
 24440 | D:14     | Identified a scroll of acquirement
 24616 | D:14     | Found a gate to the Vaults.
 24623 | D:14     | Reached XP level 17. HP: 168/168 MP: 21/21
 25126 | D:15     | Entered Level 15 of the Dungeon
 25623 | Elf:1    | Reached skill level 22 in Armour
 25866 | Elf:1    | Acquired the +3 crown of Dyrovepreva {rElec Int+2 SInv}
 25866 | Elf:1    | Found the +3 crown of Dyrovepreva {rElec Int+2 SInv}
 25873 | Elf:1    | Noticed Azrael
 25887 | Elf:1    | Killed Azrael
 25904 | Elf:1    | Found Bicrinin's Book Shoppe.
 26142 | Elf:1    | Got a lithographed
 26195 | Elf:1    | Found Focyodd's General Store.
 26202 | Elf:1    | Bought a potion of mutation for 128 gold pieces
 26306 | Elf:2    | Found a crumbling gateway.
 26330 | Desolati | Entered the Desolation of Salt
 26561 | Desolati | Identified the +9 orcbow "Newt's Undoing" {speed, rN+
                  | Int+4}
 26696 | Elf:2    | Found a radiant altar of Vehumet.
 26893 | Elf:2    | Found Gyimp's Weapon Shop.
 27971 | Elf:2    | Found a huge runed translucent gate.
 27971 | Elf:2    | Found a huge runed translucent gate.
 27971 | Elf:2    | Found a huge runed translucent gate.
 27971 | Elf:2    | Found a huge runed translucent gate.
 27973 | Elf:2    | Found a huge runed translucent gate.
 28508 | Elf:2    | Reached skill level 15 in Shields
 28604 | Elf:2    | Noticed a deep elf blademaster
 28605 | Elf:2    | HP: 7/170 [+2 halberd of freezing (4)]
 28971 | Elf:3    | Entered Level 3 of the Elven Halls
 28995 | Elf:3    | Reached XP level 18. HP: 178/178 MP: 22/22
 29024 | Elf:3    | Paralysed by an air elemental for 1 turns
 29374 | Elf:3    | Found Caula's General Store.
 29390 | Elf:3    | Bought a scroll of blinking for 105 gold pieces
 30787 | Elf:3    | Identified the amulet of Wobbamyt {RegenMP Regen+}
 30889 | Elf:3    | Identified the ring of the Little Devil {Drain rElec rCorr
                  | Dex+6 Slay+3}
 30910 | Elf:3    | Identified the +9 quick blade "Fyjou" {freeze, rN+ Int+3
                  | Dex+3}
 30921 | Abyss:2  | Cast into level 2 of the Abyss (a deep elf sorcerer)
 31076 | Abyss:3  | Noticed a lich
 31084 | Abyss:3  | Killed a lich
 31123 | Abyss:3  | Noticed a bone dragon
 31144 | Abyss:3  | Killed a bone dragon
 31153 | Abyss:3  | Noticed a Hell Sentinel
 31165 | Abyss:3  | Killed from afar by a smoke demon

Illustrated notes

Levels and vault maps discovered:
D:1:      nicolae_arrival_memento_mori, layout_basic
D:2:      layout_loops_ring, serial_shops, shop
D:3:      layout_loops_ring, grunt_temple_overflow_diamond,
          minmay_misc_feat_alley, kennysheep_generic_room_6
D:4:      kennysheep_goblin_castle, layout_basic, mainiacjoe_overflow_24_doors,
          chequers_serial_rivers_large_a, uniq_grinder
D:5:      corexii_shantytown, layout_basic, minmay_temple_entry_proselytizer,
          serial_shops, shop_fountains, minmay_checkerbox
D:6:      layout_rooms, serial_shops, nicolae_shop_gaudy_bauble
D:7:      hellmonk_destroyed_diamonds, layout_rooms
D:8:      layout_rooms, nicolae_uskayaw_en_pointe, lair_entry_dummy,
          gammafunk_ghost_necromancy
D:9:      lemuel_ogre_cave, layout_irregular_city, ebering_dispersal_statue_hall
D:10:     cheibrodos_two_vegetables, layout_cave_pools, uniq_maggie
D:11:     layout_gridville, orc_david_3, hangedman_abyss_or_decor_slice,
          uniq_harold
D:12:     layout_basic, serial_bayou_pond_a, uniq_lodul
D:13:     kennysheep_funnel, layout_basic
D:14:     layout_gridville, hellmonk_vaults_order_and_chaos, hex_medium
D:15:     grunt_enter_depths_hoard, layout_cave_pools,
          roderic_lattice_octagonal_star, gauntlet_entry_generic
Temple:   minmay_crystal_spiral_temple
Lair:1:   layout_chaotic_city, wad_woods_03, serial_bayou_shore_b
Lair:2:   layout_loops_ring, elwin_shoals_entry_rocks,
          alex1729_snake_entry_snake
Lair:3:   layout_loops_ring, serial_forest, infiniplex_forest_side_room,
          infiniplex_forest_clump_small, infiniplex_forest_clump_tiny,
          infiniplex_forest_fountain, infiniplex_forest_straight_2,
          infiniplex_forest_end_2, infiniplex_forest_clump_long,
          infiniplex_forest_pool, infiniplex_forest_clump_medium,
          kennysheep_catoblepas_arena
Lair:4:   layout_hall_layers
Lair:5:   evilmike_catoblepas_cave, layout_cave_pods,
          nicolae_slime_entry_field_trip, nicolae_volcano_entry_s_turn,
          st_stairs_3, pdpol_lair_cavern_descent, uniq_kirke
Shoals:1: layout_shoals, nicolae_shoals_gull_way, uniq_jorgrun, uniq_roxanne
Shoals:2: layout_shoals, nicolae_shoals_aquamancer_cove, uniq_ilsuiw
Shoals:3: layout_shoals, serial_shops, shop_coins, uniq_nikola
Slime:1:  layout_caves
Orc:1:    layout_diamond_mine, ebering_ghost_inner_flame
Orc:2:    st_orc_rangers, layout_caves, basic_altar, serial_shops,
          nicolae_shop_waterfront, uniq_donald
Elf:1:    eino_elf_arrival_customs, layout_gridlike, serial_shops,
          nicolae_shop_tiny_glass, nicolae_shop_tiny_glass,
          nicolae_shop_just_a_little_nook, shop, minmay_elf_annihilation,
          uniq_aizul, uniq_azrael
Elf:2:    elven_hall_of_blades_hangedman_alternative
          [nicolae_blade_entry_antechamber], layout_loops_corners,
          portal_desolation_entry_salt, special_room [special_room_orc],
          serial_shops, shop, basic_altar
Elf:3:    elf_hall_gauntlet_narrow, layout_geoelf_castle, serial_shops,
          nicolae_shop_hallway_plus
Abyss:3:  base: Orc:1, minivault_19, small_statue_intersection,
          hangedman_cross_veins

Skill      XL: |  1  2  3  4  5  6  7  8  9 10 11 12 13 14 15 16 17 18 |
---------------+-------------------------------------------------------+-----
Fighting       | 4 5 7 9 12 14 16 18 19 20 21 | 21.2
Armour         | 4 5 6 7 8 9 11 12 13 16 17 19 21 22 | 22.4
Dodging        | 1 2 3 |  3.5
Short Blades   | 1 |  1.8
Polearms       | 1 3 5 7 9 11 13 14 15 16 | 16.0
Shields        | 4 5 6 8 9 10 15 17 | 17.2
Evocations     | 1 2 3 4 |  4.0
Invocations    | 4 6 7 |  7.3
Spellcasting   | 1 |  1.0
Air Magic      | 1 |  1.0
Maces & Flails | |  2.5
Stealth        | |  0.1

Action                     |  1- 3 |  4- 6 |  7- 9 | 10-12 | 13-15 | 16-18 || total
---------------------------+-------+-------+-------+-------+-------+-------++-------
  Melee: Flail             |    16 |       |       |       |       |       ||    16
         Headbutt          |    16 |     8 |    47 |   172 |   270 |   406 ||   919
         Short sword       |    75 |     1 |       |       |       |       ||    76
         Trident           |       |    94 |   271 |   596 |   947 |   603 ||  2511
         Punch             |       |       |     3 |    11 |    15 |     5 ||    34
         Trishula          |       |       |       |       |       |   946 ||   946
 Invoke: Divine Shield     |       |       |       |       |     1 |       ||     1
         Brand Weapon With |       |       |       |       |       |     1 ||     1
         Summon Divine War |       |       |       |       |       |     1 ||     1
  Evoke: Wand              |       |       |       |     2 |    15 |     9 ||    26
    Use: Scroll            |       |     2 |     5 |     6 |    14 |    20 ||    47
         Potion            |       |       |     1 |     1 |     7 |    19 ||    28
 Armour: Scale mail        |    45 |    48 |     7 |       |       |       ||   100
         Plate armour      |       |       |   149 |   390 |   627 |  1002 ||  2168
  Dodge: Dodged            |    49 |    36 |    62 |   129 |   405 |   499 ||  1180
  Block: Other             |       |       |     2 |    71 |   172 |   127 ||   372
         Reflection        |       |       |       |     3 |    49 |    62 ||   114
         Kite shield       |       |       |       |       |       |   729 ||   729

Table legend: (Time is in decaauts)
 A = Elapsed time spent in this place.
 B = Non-inter-level travel time spent in this place.
 C = Inter-level travel time spent in this place.
 D = Time resting spent in this place.
 E = Time spent auto-exploring this place.
 F = Levels seen in this place.
 G = Mean time per level.
                   A        B        C        D        E       F      G
               +--------+--------+--------+--------+--------+-----+--------+
         Total |  31480 |  29375 |   2105 |   3250 |  18126 |  33 |  953.9 |
       Dungeon |  12338 |  11182 |   1156 |    181 |   8514 |  15 |  822.5 |
        Temple |     97 |      9 |     88 |      0 |      0 |   1 |   97.0 |
          Lair |   7837 |   7240 |    597 |    466 |   5236 |   5 | 1567.4 |
        Shoals |   3174 |   3120 |     54 |    798 |   1116 |   3 | 1058.0 |
    Slime Pits |      1 |      1 |      0 |      0 |      0 |   1 |    1.0 |
  Orcish Mines |   1673 |   1597 |     76 |    537 |    568 |   2 |  836.5 |
   Elven Halls |   5789 |   5658 |    131 |   1267 |   2666 |   3 | 1929.7 |
         Abyss |    237 |    237 |      0 |      0 |     25 |   2 |  118.5 |
    Desolation |    330 |    330 |      0 |      0 |      0 |   1 |  330.0 |
               +--------+--------+--------+--------+--------+-----+--------+

Top non-repeatable levels by time:
   Elf:2: 2567 daAuts
  Lair:5: 2557 daAuts
Shoals:2: 2226 daAuts
   Elf:1: 1986 daAuts
     D:8: 1502 daAuts
  Lair:4: 1483 daAuts
  Lair:2: 1466 daAuts
  Lair:3: 1324 daAuts
   Elf:3: 1235 daAuts
    D:10: 1138 daAuts
     D:9: 1099 daAuts
    D:11: 1089 daAuts
     D:4: 1056 daAuts
  Lair:1: 1005 daAuts
    D:14: 962 daAuts
